TOP OF THE 1ST |
Minnesota Loons batting - Pitching for Athletic Club KC Academy : LHP Logan Heck
|
Pitching: LHP Logan Heck
|
|
Batting: RHB John Dorian
|
0-0: Fly out, F8 (Line Drive, 8RD, EV 93.1 MPH)
|
Batting: RHB Rob Ott
|
0-0: Ball 1-0: Foul Ball, location: 2F 1-1: Ball 2-1: Foul Ball, location: 2F 2-2: Ball 3-2: Base on Balls
|
Batting: SHB Víctor Pagueros
|
0-0: Ball 1-0: Grounds into double play, 6-4-3 (Groundball, 6, EV 105.0 MPH)
|
Top of the 1st over - 0 runs, 0 hits, 0 errors, 0 left on base; Minnesota 0 - Athletic Club KC Academy 0 |
BOTTOM OF THE 1ST |
Athletic Club KC Academy batting - Pitching for Minnesota Loons : RHP Micheal Bly
|
Pitching: RHP Micheal Bly
|
|
Batting: RHB Levka Efremov
|
0-0: Called Strike 0-1: Called Strike 0-2: Foul Ball, location: 2F 0-2: Ball 1-2: Strikes out swinging
|
Batting: RHB Vasan Parthiban
|
0-0: Swinging Strike 0-1: Foul Ball, location: 2F 0-2: Ball 1-2: Foul Ball, location: 2F 1-2: TRIPLE (Flyball, 89XD, EV 105.0 MPH)
|
Batting: SHB Katsuya Nomura
|
0-0: Ball 1-0: Ball 2-0: Ball 3-0: Called Strike 3-1: Foul Ball, location: 2F 3-2: Strikes out swinging
|
Batting: RHB Ryan Conley
|
0-0: Ball 1-0: Called Strike 1-1: Ball 2-1: Foul Ball, location: 2F 2-2: Foul Ball, location: 2F 2-2: Fly out, F9 (Flyball, 89D, EV 83.1 MPH)
|
Bottom of the 1st over - 0 runs, 1 hit, 0 errors, 1 left on base; Minnesota 0 - Athletic Club KC Academy 0 |
TOP OF THE 2ND |
Minnesota Loons batting - Pitching for Athletic Club KC Academy : LHP Logan Heck
|
Batting: RHB Dan Barnes
|
0-0: Ball 1-0: Fly out, F7 (Flyball, 7, EV 89.4 MPH)
|
Batting: SHB Carlos Blanca
|
0-0: Ball 1-0: Ball 2-0: Ball 3-0: Base on Balls
|
Batting: RHB Sumitomo Shimizu
|
0-0: Called Strike 0-1: Ball Carlos Blanca is caught stealing 2nd base 2-4 1-1: Ball 2-1: DOUBLE (Flyball, 89XD, EV 96.2 MPH)
|
Batting: RHB Seth Porter
|
0-0: Called Strike 0-1: Fly out, F8 (Flyball, 8RS, EV 72.5 MPH)
|
Top of the 2nd over - 0 runs, 1 hit, 0 errors, 1 left on base; Minnesota 0 - Athletic Club KC Academy 0 |
BOTTOM OF THE 2ND |
Athletic Club KC Academy batting - Pitching for Minnesota Loons : RHP Micheal Bly
|
Batting: RHB Julián Morcuendez
|
0-0: Ball 1-0: Called Strike 1-1: Ball 2-1: Called Strike 2-2: Ball 3-2: Foul Ball, location: 2F 3-2: SINGLE (Groundball, 56S, EV 66.9 MPH) (infield hit)
|
Batting: LHB Motoki Yamasaki
|
0-0: Ball 1-0: Swinging Strike 1-1: Ball 2-1: SINGLE (Groundball, 3D, EV 95.0 MPH) Julián Morcuendez to second Runner from 2nd tries for 3rd, SAFE, throw by RF made to third
|
Batting: RHB Stefano Lippi
|
0-0: Ball 1-0: Called Strike 1-1: Foul Ball, location: 2F 1-2: Fielders Choice at 2nd, 5-4 (Groundball, 5S, EV 86.9 MPH) Julián Morcuendez scores
|
Batting: LHB Ángel López
|
0-0: Called Strike 0-1: Ball 1-1: Ball 2-1: Grounds into double play, 4-6-3 (Groundball, 4, EV 87.5 MPH)
|
Bottom of the 2nd over - 1 run, 2 hits, 0 errors, 0 left on base; Minnesota 0 - Athletic Club KC Academy 1 |
TOP OF THE 3RD |
Minnesota Loons batting - Pitching for Athletic Club KC Academy : LHP Logan Heck
|
Batting: LHB Claudio Guzmán
|
0-0: Ball 1-0: Ground out 4-3 (Groundball, 4, EV 85.6 MPH)
|
Batting: RHB Luis Escobedo
|
0-0: Swinging Strike 0-1: Called Strike 0-2: Foul Ball, location: 2F 0-2: Ball 1-2: Fly out, F8 (Flyball, 8RD, EV 106.9 MPH)
|
Batting: RHB John Dorian
|
0-0: Called Strike 0-1: Swinging Strike 0-2: Foul Ball, location: 2F 0-2: SINGLE (Groundball, 6MD, EV 95.6 MPH)
|
Batting: RHB Rob Ott
|
0-0: Ball Wild Pitch! John Dorian to second 1-0: Ball 2-0: Called Strike 2-1: Foul Ball, location: 2F 2-2: Strikes out looking
|
Top of the 3rd over - 0 runs, 1 hit, 0 errors, 1 left on base; Minnesota 0 - Athletic Club KC Academy 1 |
BOTTOM OF THE 3RD |
Athletic Club KC Academy batting - Pitching for Minnesota Loons : RHP Micheal Bly
|
Batting: LHB Greg O'Day
|
0-0: Ground out 6-3 (Groundball, 6, EV 88.8 MPH)
|
Batting: RHB Levka Efremov
|
0-0: Ball 1-0: Hit by Pitch
|
Batting: RHB Vasan Parthiban
|
0-0: Ball 1-0: Foul Ball, location: 2F 1-1: Foul Ball, location: 2F 1-2: Foul Ball, location: 2F 1-2: Foul Ball, location: 2F 1-2: Strikes out looking
|
Batting: SHB Katsuya Nomura
|
0-0: Ball 1-0: Ball 2-0: Ball 3-0: Called Strike 3-1: Foul Ball, location: 2F 3-2: Ground out U3 (Groundball, 3, EV 82.5 MPH)
|
Bottom of the 3rd over - 0 runs, 0 hits, 0 errors, 1 left on base; Minnesota 0 - Athletic Club KC Academy 1 |
TOP OF THE 4TH |
Minnesota Loons batting - Pitching for Athletic Club KC Academy : LHP Logan Heck
|
Batting: SHB Víctor Pagueros
|
0-0: Ball 1-0: SOLO HOME RUN (Flyball, 9D, EV 96.2 MPH), Distance : 363 ft
|
Batting: RHB Dan Barnes
|
0-0: Ball 1-0: Ball 2-0: Called Strike 2-1: Foul Ball, location: 2F 2-2: Ball 3-2: Strikes out looking
|
Batting: SHB Carlos Blanca
|
0-0: Foul Ball, location: 2F 0-1: Ground out U3 (Groundball, 34, EV 107.5 MPH)
|
Batting: RHB Sumitomo Shimizu
|
0-0: Called Strike 0-1: Swinging Strike 0-2: Ball 1-2: Ball 2-2: Strikes out swinging
|
Top of the 4th over - 1 run, 1 hit, 0 errors, 0 left on base; Minnesota 1 - Athletic Club KC Academy 1 |
BOTTOM OF THE 4TH |
Athletic Club KC Academy batting - Pitching for Minnesota Loons : RHP Micheal Bly
|
Batting: RHB Ryan Conley
|
0-0: Called Strike 0-1: SINGLE (Flyball, 9LS, EV 86.9 MPH)
|
Batting: RHB Julián Morcuendez
|
0-0: Called Strike 0-1: Ball 1-1: Foul Ball, location: 2F 1-2: Strikes out swinging
|
Batting: LHB Motoki Yamasaki
|
0-0: SINGLE (Groundball, 34D, EV 103.8 MPH) Ryan Conley to second
|
Batting: RHB Stefano Lippi
|
0-0: Called Strike 0-1: Ball 1-1: Foul Ball, location: 2F 1-2: Strikes out swinging
|
Batting: LHB Ángel López
|
0-0: Foul Ball, location: 2F 0-1: Foul Ball, location: 2F 0-2: Foul Ball, location: 2F 0-2: Ball 1-2: Ball 2-2: Ball 3-2: Foul Ball, location: 2F 3-2: Strikes out swinging
|
Bottom of the 4th over - 0 runs, 2 hits, 0 errors, 2 left on base; Minnesota 1 - Athletic Club KC Academy 1 |
TOP OF THE 5TH |
Minnesota Loons batting - Pitching for Athletic Club KC Academy : LHP Logan Heck
|
Batting: RHB Seth Porter
|
0-0: Called Strike 0-1: Called Strike 0-2: Strikes out swinging
|
Batting: LHB Claudio Guzmán
|
0-0: Fly out, F8 (Line Drive, 8RM, EV 100.0 MPH)
|
Batting: RHB Luis Escobedo
|
0-0: Ball 1-0: Swinging Strike 1-1: Ball 2-1: Swinging Strike 2-2: Ball 3-2: Foul Ball, location: 2F 3-2: Strikes out looking
|
Top of the 5th over - 0 runs, 0 hits, 0 errors, 0 left on base; Minnesota 1 - Athletic Club KC Academy 1 |
BOTTOM OF THE 5TH |
Athletic Club KC Academy batting - Pitching for Minnesota Loons : RHP Micheal Bly
|
Batting: LHB Greg O'Day
|
0-0: Fly out, F8 (Flyball, 8LD, EV 91.9 MPH)
|
Batting: RHB Levka Efremov
|
0-0: Called Strike 0-1: Ball 1-1: Ground out 3-1 (Groundball, 34, EV 86.9 MPH)
|
Batting: RHB Vasan Parthiban
|
0-0: Ball 1-0: Foul Ball, location: 2F 1-1: Foul Ball, location: 2F 1-2: Ground out 4-3 (Groundball, 4, EV 103.1 MPH)
|
Bottom of the 5th over - 0 runs, 0 hits, 0 errors, 0 left on base; Minnesota 1 - Athletic Club KC Academy 1 |
TOP OF THE 6TH |
Minnesota Loons batting - Pitching for Athletic Club KC Academy : LHP Logan Heck
|
Batting: RHB John Dorian
|
0-0: Fly out, F7 (Flyball, 7S, EV 86.9 MPH)
|
Batting: RHB Rob Ott
|
0-0: Ground out 5-3 (Groundball, 56, EV 98.1 MPH)
|
Batting: SHB Víctor Pagueros
|
0-0: Ball 1-0: Ball 2-0: Ball 3-0: Base on Balls
|
Batting: RHB Dan Barnes
|
0-0: Called Strike 0-1: Swinging Strike 0-2: Strikes out swinging
|
Top of the 6th over - 0 runs, 0 hits, 0 errors, 1 left on base; Minnesota 1 - Athletic Club KC Academy 1 |
BOTTOM OF THE 6TH |
Athletic Club KC Academy batting - Pitching for Minnesota Loons : RHP Micheal Bly
|
Batting: SHB Katsuya Nomura
|
0-0: Ball 1-0: Ball 2-0: Called Strike 2-1: Ball 3-1: Called Strike 3-2: Foul Ball, location: 2F 3-2: Fly out, F8 (Flyball, 89XD, EV 103.1 MPH)
|
Batting: RHB Ryan Conley
|
0-0: Ball 1-0: Called Strike 1-1: Ball 2-1: SINGLE (Line Drive, 8RS, EV 106.2 MPH)
|
Batting: RHB Julián Morcuendez
|
0-0: Ball 1-0: Grounds into double play, 4-6-3 (Groundball, 4, EV 107.5 MPH)
|
Bottom of the 6th over - 0 runs, 1 hit, 0 errors, 0 left on base; Minnesota 1 - Athletic Club KC Academy 1 |
TOP OF THE 7TH |
Minnesota Loons batting - Pitching for Athletic Club KC Academy : LHP Logan Heck
|
Batting: SHB Carlos Blanca
|
0-0: Foul Ball, location: 2F 0-1: Foul Ball, location: 2F 0-2: Foul Ball, location: 2F 0-2: Ground out 4-3 (Groundball, 34, EV 86.9 MPH)
|
Batting: RHB Sumitomo Shimizu
|
0-0: Foul Ball, location: 2F 0-1: Foul Ball, location: 2F 0-2: Ball 1-2: Foul Ball, location: 2F 1-2: Ball 2-2: Strikes out swinging
|
Batting: RHB Seth Porter
|
0-0: Called Strike 0-1: Fly out, F7 (Flyball, 7, EV 78.8 MPH)
|
Top of the 7th over - 0 runs, 0 hits, 0 errors, 0 left on base; Minnesota 1 - Athletic Club KC Academy 1 |
BOTTOM OF THE 7TH |
Athletic Club KC Academy batting - Pitching for Minnesota Loons : RHP Micheal Bly
|
Pitching: RHP Clayton Horne
|
|
Batting: LHB Motoki Yamasaki
|
0-0: Ball 1-0: Called Strike 1-1: Fly out, F6 (Popup, 6M, EV 54.4 MPH)
|
Batting: RHB Stefano Lippi
|
0-0: Ball 1-0: Swinging Strike 1-1: Swinging Strike 1-2: Ball 2-2: Strikes out swinging
|
Batting: LHB Ángel López
|
0-0: Ball 1-0: Ball 2-0: Foul Ball, location: 2F 2-1: Called Strike 2-2: Ball 3-2: Foul Ball, location: 2F 3-2: SINGLE (Groundball, 15S, EV 62.5 MPH) (infield hit)
|
Batting: LHB Greg O'Day
|
0-0: Fly out, F5 (Line Drive, 5, EV 61.9 MPH)
|
Bottom of the 7th over - 0 runs, 1 hit, 0 errors, 1 left on base; Minnesota 1 - Athletic Club KC Academy 1 |
TOP OF THE 8TH |
Minnesota Loons batting - Pitching for Athletic Club KC Academy : LHP Logan Heck
|
Pitching: RHP Paul Brown
|
|
Batting: LHB Claudio Guzmán
|
0-0: Fly out, F9 (Flyball, 89D, EV 83.8 MPH)
|
Pinch Hitting: LHB Natanael Nesbitt
|
0-0: Foul Ball, location: 2F 0-1: SINGLE (Line Drive, 9S, EV 96.2 MPH)
|
Batting: RHB John Dorian
|
0-0: Fielders Choice at 2nd, 4-6 (Groundball, 4, EV 105.0 MPH)
|
Batting: RHB Rob Ott
|
0-0: Swinging Strike 0-1: Ball 1-1: Ground out 6-3 (Groundball, 6, EV 93.8 MPH)
|
Top of the 8th over - 0 runs, 1 hit, 0 errors, 1 left on base; Minnesota 1 - Athletic Club KC Academy 1 |
BOTTOM OF THE 8TH |
Athletic Club KC Academy batting - Pitching for Minnesota Loons : RHP Clayton Horne
|
Pitching: RHP Harry Richter
|
|
Now at C: Jorge Pedroso
|
|
Batting: RHB Levka Efremov
|
0-0: Ball 1-0: Called Strike 1-1: Ball 2-1: Foul Ball, location: 2F 2-2: Strikes out looking
|
Batting: RHB Vasan Parthiban
|
0-0: Foul Ball, location: 2F 0-1: Ball 1-1: Swinging Strike 1-2: Strikes out swinging
|
Batting: SHB Katsuya Nomura
|
0-0: Called Strike 0-1: Swinging Strike 0-2: Ball 1-2: Ball 2-2: DOUBLE (Line Drive, 7LD, EV 107.5 MPH)
|
Batting: RHB Ryan Conley
|
0-0: Called Strike 0-1: Ball 1-1: Foul Ball, location: 2F 1-2: SINGLE (Groundball, 6MD, EV 101.2 MPH) Katsuya Nomura to third Runner from 3rd tries for Home, SAFE, throw by CF to home
|
Batting: RHB Julián Morcuendez
|
0-0: Foul Ball, location: 2F 0-1: Ball 1-1: Called Strike Ryan Conley is caught stealing 2nd base 2-4
|
Bottom of the 8th over - 1 run, 2 hits, 0 errors, 0 left on base; Minnesota 1 - Athletic Club KC Academy 2 |
TOP OF THE 9TH |
Minnesota Loons batting - Pitching for Athletic Club KC Academy : RHP Paul Brown
|
Batting: SHB Víctor Pagueros
|
0-0: Foul Ball, location: 2F 0-1: Ball 1-1: Fly out, F9 (Flyball, 89M, EV 93.8 MPH)
|
Batting: RHB Dan Barnes
|
0-0: Called Strike 0-1: Ball 1-1: Ground out 6-3 (Groundball, 56S, EV 88.8 MPH)
|
Batting: SHB Carlos Blanca
|
0-0: Ball 1-0: Ground out 4-3 (Groundball, 4, EV 101.2 MPH)
|
Top of the 9th over - 0 runs, 0 hits, 0 errors, 0 left on base; Minnesota 1 - Athletic Club KC Academy 2 |
|